 Dungeon Crawl Stone Soup version 0.29-a0-598-gd8304a5bf4 (webtiles) character file.

Game seed: 9018961537839857523

50218 dbhg the Cleaver (level 14, 0/166 HPs)
             Began as a Demonspawn Fighter on June 15, 2022.
             Was a High Priest of Vehumet.
             Slain by a hornet (11 damage)
             ... on level 6 of the Lair of Beasts.
             The game lasted 00:53:24 (18154 turns).

dbhg the Cleaver (Demonspawn Fighter)              Turns: 18154, Time: 00:53:25

Health: 0/166      AC: 31    Str: 22    XL:     14   Next: 18%
Magic:  20/20      EV:  2    Int:  9    God:    Vehumet [*****.]
Gold:   1192       SH:  5    Dex: 13    Spells: 8/22 levels left

rFire   . . .      SeeInvis .   v - +4 war axe
rCold   . . .      Faith    .   G - orb {*Rage}
rNeg    . . .      Spirit   .   (body armour currently unavailable)
rPois   +          Reflect  +   (helmet currently unavailable)
rElec   .          Harm     .   (cloak currently unavailable)
rCorr   .          Rampage  .   (gloves currently unavailable)
Will    +....      Clarity  +   (boots currently unavailable)
Stlth   ++........ NoTele   +   e - amulet of reflection
HPRegen 0.37/turn               i - +4 ring of slaying
MPRegen 0.17/turn               b - +4 ring of protection

@: tree-form, slowed, very slow
A: stationary, stasis, torment immunity, boosted hp, (claws 2), (slimy green
scales 2), (spiny 3), demonic magic 2, clarity, MP-powered wands
a: Renounce Religion


You were on level 6 of the Lair of Beasts.
You worshipped Vehumet.
Vehumet was extremely pleased with you.
You were a tree.
You visited 2 branches of the dungeon, and saw 17 of its levels.
You also visited: Volcano.

You collected 1372 gold pieces.
You spent 180 gold pieces at shops.

Inventory:

Hand Weapons
 v - a +4 war axe (weapon)
 L - a +0 battleaxe
Missiles
 k - 5 throwing nets
 w - 5 curare-tipped darts
Armour
 j - the +1 hat of the Jackalope (melded) {Rampage rF- Will+++ Slay+5}
   (You acquired it on level 5 of the Lair of Beasts)

   Slay:      It affects your accuracy & damage with ranged weapons and melee
   (+5).
   rF:        It makes you vulnerable to fire.
   Rampage:   It bestows one free step when moving towards enemies.
   Will:      It greatly increases your willpower.
 l - an orb of guile
 p - a +2 helmet
 q - the +0 gold dragon scales of the Inviting Gods (melded) {Fly rPois rF+ rC+ Str+3}
   (You acquired it on level 6 of the Dungeon)

   Str:       It affects your strength (+3).
   rF:        It protects you from fire.
   rC:        It protects you from cold.
   rPois:     It protects you from poison.
   Fly:       It grants you flight.
 r - a +2 pair of boots (melded)
 A - a +0 pair of gloves (melded)
 C - a +1 cloak of preservation (melded)
 G - an orb of wrath (worn)
 K - +0 acid dragon scales
 Y - +0 fire dragon scales
Magical Staves
 f - a staff of air
Jewellery
 b - a +4 ring of protection (right branch)
 e - an amulet of reflection (around neck)
 i - a +4 ring of slaying (left branch)
 x - a ring of protection from cold
 F - a ring of resist corrosion
 I - a ring of positive energy
 J - a ring of poison resistance
 M - a +4 ring of protection
Wands
 d - a wand of paralysis (5)
Scrolls
 o - 3 scrolls of torment
 t - 8 scrolls of teleportation
 u - 2 scrolls of amnesia
 y - 2 scrolls of silence
 z - 5 scrolls of immolation
 O - a scroll of fog
 R - 3 scrolls of identify
 T - a scroll of noise
 U - a scroll of vulnerability
Potions
 a - 2 potions of ambrosia
 g - a potion of heal wounds
 h - a potion of degeneration
 n - 2 potions of brilliance
 N - 2 potions of attraction
 P - 2 potions of flight
 S - a potion of magic
Miscellaneous
 c - a condenser vane
 s - a condenser vane
 B - a piece from Xom's chessboard (15/15)
 Q - a box of beasts
 V - a lightning rod (2/4)


   Skills:
 * Level 10.8 Fighting
 * Level 14.8 Axes
 + Level 0.5 Throwing
 * Level 10.3 Armour
 - Level 2.3 Dodging
 + Level 1.6 Stealth
 * Level 9.1 Shields
 - Level 4.6 Spellcasting
 + Level 0.1 Conjurations
 - Level 3.4 Necromancy
 - Level 4.7 Evocations


You had 8 spell levels left.
You knew the following spells:

 Your Spells              Type           Power      Damage    Failure   Level
a - Foxfire               Conj/Fire      8%         2x1d4     7%          1
b - Necromutation         Tmut/Necr      2%         N/A       100%        8
c - Lee's Rapid Deconstr  Erth           1%         3d5*      83%         5

Your spell library contained the following spells:

 Spells                   Type           Power      Damage    Failure   Level
 Eringya's Noxious Bog    Tmut/Pois      1%         N/A       100%        6
 Sublimation of Blood     Necr           8%         N/A       10%         2
 Poisonous Vapours        Pois/Air       4%         N/A       11%         2
 Conjure Flame            Conj/Fire      2%         6-21      19%         3
 Inner Flame              Hex/Fire       2%         N/A       19%         3
 Sting                    Tmut/Pois      8%         1d3       26%         1
 Wereblood                Tmut           2%         N/A       36%         2
 Flame Wave               Conj/Fire      2%         2d4       50%         4
 Olgreb's Toxic Radiance  Pois           2%         N/A       52%         4
 Summon Hydra             Summ           1%         N/A       100%        7
 Borgnjor's Revivificati  Necr           4%         N/A       100%        8
 Death's Door             Necr           4%         N/A       100%        9


Dungeon Overview and Level Annotations

Branches:
Dungeon (11/15)            Temple (0/1) D:6            Lair (6/6) D:11
  Swamp (0/4) Lair:2        Snake (0/4) Lair:4        Slime (0/5) Lair:5
Volcano (visited)
    Orc: D:9-12

Altars:
Fedhas
Kikubaaqudgha
Nemelex Xobeh
Ru
Vehumet
Xom

Shops:
D:7 [


Innate Abilities, Weirdness & Mutations

You are a tree.
Your roots penetrate the ground, keeping you stationary.
You cannot be teleported.
You are immune to unholy pain and torment.
Your maximum health is greatly increased.
Your equipment is partially melded.
((You have very sharp fingernails.))
((You are mostly covered in slimy green scales. (AC +3)))
((You are completely covered in sharp spines.))
Spells you cast may paralyse nearby enemies.
You possess an exceptional clarity of mind.
You expend magic power (3 MP) to strengthen your wands.


Message History

The +0 gold dragon scales of the Inviting Gods {Fly rPois rF+ rC+ Str+3} melds into your body.
You float gracefully downwards.
Your roots penetrate the ground.
You feel yourself speed up.
The tyrant leech bites you but does no damage.
The tyrant leech bites you!!
* * * LOW HITPOINT WARNING * * *
The tyrant leech draws strength from your injuries!
The torpor snail bites you but does no damage.
Being near the torpor snail leaves you feeling lethargic.
The tyrant leech bites you but does no damage. x2
You barely miss the tyrant leech.
The tyrant leech is severely wounded.
You slash the tyrant leech! You slash the torpor snail!
You feel yourself speed up.
The torpor snail bites you but does no damage.
Being near the torpor snail leaves you feeling lethargic.
You slash the tyrant leech!
The tyrant leech is almost dead.
You slash the tyrant leech! You hit the torpor snail.
You kill the torpor snail!
Vehumet accepts your kill.
Vehumet offers you knowledge of Eringya's Noxious Bog.
You feel yourself speed up.
The tyrant leech bites you but does no damage.
The tyrant leech bites you!!
* * * LOW HITPOINT WARNING * * *
The tyrant leech draws strength from your injuries!
Being near the torpor snail leaves you feeling lethargic.
The hornet stings you!
* * * LOW HITPOINT WARNING * * *
You barely miss the tyrant leech.
The tyrant leech is almost dead.
You hit the hornet but do no damage. You hit the tyrant leech.
You feel yourself speed up.
The hornet stings you but does no damage.
The tyrant leech bites you but does no damage. x2
The torpor snail briefly extends its eye-stalks.
Being near the torpor snail leaves you feeling lethargic.
The hornet stings you!
You die...

##...####...##
##........####
######.÷.....#.##
##...####......#.##
#.... #.##.....#.#
#.w" ######.....##
#yy### ####..#.....
#wwy$###P....###...
#♣.........## ##..
###....##### ###
######


You could see 2 tyrant leeches, a torpor snail and 3 hornets.

Vanquished Creatures
  A dire elephant (Lair:6)
  Snorg (Lair:3)
  Harold (D:9)
  A boulder beetle (Lair:6)
  An ice dragon (Lair:6)
  3 hydras
  A catoblepas (Lair:5)
  A centaur warrior (D:10)
  Erica (D:9)
  2 two-headed ogres
  7 death yaks
  Urug (Lair:2)
  A bog body (Lair:2)
  An orc knight (D:10)
  A lindwurm (Lair:6)
  2 oklob plants (Lair:5)
  2 manticores
  An ugly thing (D:10)
  6 elephants (Lair:4)
  4 torpor snails (Lair:6)
  An unseen horror (D:11)
  A gargoyle (Volcano)
  3 rime drakes
  12 cane toads
  11 komodo dragons
  An unseen horror (shapeshifter) (D:10)
  3 polar bears
  2 tyrant leeches (Lair:6)
  6 hornets (Lair:6)
  7 blink frogs
  A dream sheep (shapeshifter) (D:10)
  Sigmund (D:6)
  A wraith (D:10)
  3 wyverns
  A shadow (D:8)
  The ghost of dezertu the Shooter, an amateur NaHu (D:3)
  5 basilisks
  57 yaks
  2 steam dragons
  3 nagas (Lair:4)
  An acid dragon (D:10)
  21 water moccasins
  4 black bears
  7 orc warriors
  A sky beast (D:8)
  3 ice beasts
  6 wolves (Lair:1)
  3 centaurs
  4 ogres
  5 phantoms
  A kobold brigand (D:10)
  14 bullfrogs
  A gnoll sergeant (D:9)
  5 scorpions
  2 necrophages
  12 wights
  A water moccasin skeleton (D:3)
  6 killer bees (D:8)
  2 electric eels
  A crimson imp (D:8)
  4 hounds
  8 orc priests
  2 jellies
  2 gnoll shamans
  3 iguanas
  A bullfrog skeleton (D:3)
  11 orc wizards
  Robin (D:3)
  7 adders
  14 gnolls
  A white imp (D:6)
  2 ufetubi
  4 worms
  5 dart slugs
  31 orcs
  11 bats
  6 endoplasms
  3 giant cockroaches
  16 goblins
  15 hobgoblins
  4 jackals
  2 quokkas
  6 ball pythons
  5 frilled lizards
  3 kobolds (D:1)
  5 rats
433 creatures vanquished.

Vanquished Creatures (collateral kills)
  A hydra (Lair:5)
1 creature vanquished.

Vanquished Creatures (others)
  6 foxfires (D:5)
  32 fungi
  112 plants
150 creatures vanquished.

Grand Total: 584 creatures vanquished

Notes
Turn   | Place    | Note
-------+----------+-------------------------------------------
     0 | D:1      | dbhg the Demonspawn Fighter began the quest for the Orb.
     0 | D:1      | Reached XP level 1. HP: 18/18 MP: 1/1
    99 | D:1      | Found a faded altar of an unknown god.
   111 | D:1      | Prayed at the altar of an unknown god.
   111 | D:1      | Became a worshipper of Vehumet
   111 | D:1      | Reached * piety under Vehumet
   111 | D:1      | Offered knowledge of Magic Dart by Vehumet.
   151 | D:1      | Gained mutation: Spells you cast may paralyse adjacent
                  | enemies. [demonic ancestry]
   151 | D:1      | Reached XP level 2. HP: 24/24 MP: 2/2
   168 | D:1      | Reached skill level 2 in Axes
   697 | D:1      | Reached XP level 3. HP: 29/29 MP: 3/3
  1291 | D:2      | Reached ** piety under Vehumet
  1291 | D:2      | Offered knowledge of Searing Ray by Vehumet.
  1842 | D:2      | Reached XP level 4. HP: 29/35 MP: 4/4
  2187 | D:3      | Noticed Robin
  2193 | D:3      | Reached skill level 3 in Axes
  2195 | D:3      | Killed Robin
  2195 | D:3      | Offered knowledge of Static Discharge by Vehumet.
  2484 | D:3      | Noticed a phantom
  2517 | D:3      | Found a transporter.
  2519 | D:3      | Noticed dezertu's ghost (amateur NaHu)
  2523 | D:3      | Found a transporter.
  2541 | D:3      | Gained mutation: You are partially covered in sharp spines.
                  | [demonic ancestry]
  2541 | D:3      | Reached XP level 5. HP: 40/41 MP: 5/5
  2546 | D:3      | Killed a phantom
  2548 | D:3      | Gained mutation: You have sharp fingernails. [demonic
                  | ancestry]
  2548 | D:3      | Reached XP level 6. HP: 28/48 MP: 5/7
  2550 | D:3      | Killed dezertu's ghost
  2551 | D:3      | Reached skill level 4 in Axes
  2551 | D:3      | Reached skill level 1 in Dodging
  2551 | D:3      | Reached skill level 1 in Spellcasting
  2551 | D:3      | Reached skill level 1 in Evocations
  2750 | D:3      | Reached *** piety under Vehumet
  3053 | D:4      | Gained mutation: You are partially covered in slimy green
                  | scales. (AC +2) [demonic ancestry]
  3053 | D:4      | Reached XP level 7. HP: 49/53 MP: 7/9
  3272 | D:4      | Reached skill level 5 in Axes
  3352 | D:4      | Offered knowledge of Olgreb's Toxic Radiance by Vehumet.
  3360 | D:4      | Learned a level 1 spell: Foxfire
  3554 | D:4      | Found a sparkling altar of Nemelex Xobeh.
  3630 | D:5      | Entered Level 5 of the Dungeon
  3821 | D:5      | Found an ancient bone altar of Kikubaaqudgha.
  3822 | D:5      | Found a blossoming altar of Fedhas.
  3930 | D:5      | Reached XP level 8. HP: 48/61 MP: 11/11
  4050 | D:5      | Reached skill level 6 in Axes
  4413 | D:6      | Reached skill level 1 in Stealth
  4413 | D:6      | Reached **** piety under Vehumet
  4456 | D:6      | Identified a scroll of acquirement
  4456 | D:6      | Acquired the +0 gold dragon scales of the Inviting Gods
                  | {Fly rPois rF+ rC+ Str+3}
  4668 | D:6      | Reached skill level 7 in Axes
  4675 | D:6      | Reached XP level 9. HP: 39/67 MP: 13/13
  4858 | D:6      | Found a staircase to the Ecumenical Temple.
  4925 | D:6      | Noticed Sigmund
  4941 | D:6      | Killed Sigmund
  5071 | D:6      | Reached skill level 5 in Fighting
  5076 | D:6      | Offered knowledge of Freezing Cloud by Vehumet.
  5100 | D:6      | Reached skill level 5 in Armour
  5207 | D:6      | Learned a level 8 spell: Necromutation
  5348 | D:7      | Reached skill level 8 in Axes
  5536 | D:7      | Reached skill level 1 in Necromancy
  5584 | D:7      | Found Buinu's Antique Armour Shoppe.
  5600 | D:7      | Bought a glowing cloak for 180 gold pieces
  5873 | D:8      | Found a shimmering altar of Xom.
  5875 | D:8      | Found a shimmering altar of Xom.
  5875 | D:8      | Found a shimmering altar of Xom.
  5876 | D:8      | Found a shimmering altar of Xom.
  5876 | D:8      | Found a shimmering altar of Xom.
  5876 | D:8      | Found a shimmering altar of Xom.
  5876 | D:8      | Found a shimmering altar of Xom.
  5876 | D:8      | Found a shimmering altar of Xom.
  5876 | D:8      | Found a shimmering altar of Xom.
  5922 | D:8      | Gained mutation: You are mostly covered in sharp spines.
                  | [demonic ancestry]
  5922 | D:8      | Reached XP level 10. HP: 61/76 MP: 15/15
  6369 | D:8      | Reached skill level 5 in Shields
  6371 | D:8      | Reached skill level 9 in Axes
  6385 | D:8      | Gained mutation: You have a pair of small horns on your
                  | head. [potion of mutation]
  6385 | D:8      | Gained mutation: You are somewhat resistant to further
                  | mutation. [potion of mutation]
  6873 | D:8      | Lost mutation: You are somewhat resistant to further
                  | mutation. [potion of mutation]
  6873 | D:8      | Lost mutation: You have a pair of small horns on your head.
                  | [potion of mutation]
  6873 | D:8      | Gained mutation: Your spells are a little harder to cast,
                  | but a little more powerful. [potion of mutation]
  7007 | D:9      | Noticed Harold
  7011 | D:9      | Paralysed by Harold for 3 turns
  7023 | D:9      | Killed Harold
  7328 | D:9      | Reached ***** piety under Vehumet
  7331 | D:9      | Offered knowledge of Hailstorm by Vehumet.
  7986 | D:9      | Noticed Erica
  7998 | D:9      | Killed Erica
  7999 | D:9      | Reached skill level 10 in Axes
  8266 | D:10     | Entered Level 10 of the Dungeon
  8692 | D:10     | Noticed a two-headed ogre
  8699 | D:10     | Killed a two-headed ogre
  8700 | D:10     | Gained mutation: You are mostly covered in slimy green
                  | scales. (AC +3) [demonic ancestry]
  8700 | D:10     | Reached XP level 11. HP: 74/83 MP: 17/17
  8900 | D:10     | Noticed a centaur warrior
  8900 | D:10     | Noticed a cyan ugly thing
  8910 | D:10     | Killed a cyan ugly thing
  8921 | D:10     | Killed a centaur warrior
  9608 | D:10     | Noticed an orc knight
  9618 | D:10     | Killed an orc knight
  9738 | D:11     | Noticed a two-headed ogre
  9751 | D:11     | Killed a two-headed ogre
  9752 | D:11     | Reached skill level 11 in Axes
 10047 | D:11     | Found a staircase to the Lair.
 10056 | Lair:1   | Entered Level 1 of the Lair of Beasts
 10773 | Lair:1   | Gained mutation: You are completely covered in sharp
                  | spines. [demonic ancestry]
 10773 | Lair:1   | Reached XP level 12. HP: 87/92 MP: 18/18
 11376 | Lair:2   | Found a staircase to the Swamp.
 11431 | Lair:2   | Noticed Urug
 11443 | Lair:2   | HP: 5/139 [Urug/+3 long sword of electrocution (12)]
 11444 | Lair:2   | Killed Urug
 11821 | Lair:2   | Reached skill level 12 in Axes
 11829 | Lair:2   | Found a radiant altar of Vehumet.
 11844 | Lair:2   | Offered knowledge of Lee's Rapid Deconstruction by Vehumet.
 11851 | Lair:2   | Learned a level 5 spell: Lee's Rapid Deconstruction
 12827 | Lair:3   | Noticed Snorg
 12833 | Lair:3   | Killed Snorg
 13442 | Lair:4   | Noticed a four-headed hydra
 13457 | Lair:4   | Reached skill level 13 in Axes
 13461 | Lair:4   | Killed a five-headed hydra
 13468 | Lair:4   | Noticed a death yak
 13485 | Lair:4   | Gained mutation: You have very sharp fingernails. [demonic
                  | ancestry]
 13485 | Lair:4   | Reached XP level 13. HP: 53/101 MP: 19/19
 13498 | Lair:4   | Found a staircase to the Snake Pit.
 13787 | Lair:4   | HP: 3/101 [blink frog (3)]
 13789 | Lair:4   | HP: 1/101 [eight-headed hydra (12)]
 13824 | Lair:4   | HP: 5/101 [electric eel/bolt of electricity (7)]
 14963 | Lair:5   | Offered knowledge of Starburst by Vehumet.
 15106 | Lair:5   | Found a dark tunnel.
 15115 | Volcano  | Entered a volcano
 15466 | Lair:5   | Found a sacrificial altar of Ru.
 15555 | Lair:5   | Lost mutation: Your spells are a little harder to cast, but
                  | a little more powerful. [potion of mutation]
 15555 | Lair:5   | Gained mutation: You possess an exceptional clarity of
                  | mind. [potion of mutation]
 15555 | Lair:5   | Gained mutation: You expend magic power (3 MP) to
                  | strengthen your wands. [potion of mutation]
 15608 | Lair:5   | Found a staircase to the Slime Pits.
 16336 | Lair:6   | Entered Level 6 of the Lair of Beasts
 16350 | Lair:6   | Reached skill level 14 in Axes
 16354 | Lair:6   | Reached skill level 10 in Fighting
 16378 | Lair:6   | Noticed a dire elephant
 16406 | Lair:5   | Acquired the +1 hat of the Jackalope {Rampage rF- Will+++
                  | Slay+5}
 16809 | Lair:6   | Killed a dire elephant
 17105 | Lair:6   | Reached skill level 10 in Armour
 17390 | Lair:6   | Gained mutation: Spells you cast may paralyse nearby
                  | enemies. [demonic ancestry]
 17390 | Lair:6   | Reached XP level 14. HP: 95/111 MP: 20/20
 17727 | Lair:6   | Found a runed translucent door.
 18153 | Lair:6   | Offered knowledge of Eringya's Noxious Bog by Vehumet.
 18154 | Lair:6   | Slain by a hornet

Illustrated notes

Levels and vault maps discovered:
D:1:      co_arrival_square_in_a_square_in_a_square, layout_loops_cross,
          chequers_ecumenical_altar_simple, chequers_big_river, chequers_avenue,
          minmay_pentomino_s4
D:2:      minmay_chambers_of_ones, layout_basic
D:3:      layout_rooms, gammafunk_ghost_mausoleum, bh_walls_and_bars, uniq_robin
D:4:      layout_loops_ring, nemelex_spade_bored_becter
D:5:      cheibrodos_helix_gallery, layout_cave_pods,
          grunt_temple_overflow_growth_and_decay, trog_ov_bears_minmay,
          hangedman_decor_clover_reticule, wad_floor_pattern_1
D:6:      minmay_octagon_keep, layout_cave_pools,
          minmay_temple_entry_nine_rooms, nrook_mini_vaults, eino_tiny_chamber,
          uniq_sigmund
D:7:      layout_loops_ring, mainiacjoe_overflow_alcove_4, serial_shops, shop
D:8:      layout_layer_cave, xom_shifter_show, minmay_fire_ice_demons
D:9:      layout_stronghold, minivault_16, grunt_ministairs_8,
          corexii_hall_statues_i, uniq_harold, uniq_erica
D:10:     layout_grid_maze, minmay_shattered_shrine
D:11:     dragon1_lemuel, layout_loops_corners, lair_entry_dummy, david_orc_2
Lair:1:   layout_cave_pods, gauntlet_entry_generic, minivault_19
Lair:2:   layout_loops_ring, skrybe_swamp_entry_bodies, basic_altar, uniq_urug
Lair:3:   layout_small_grid, serial_bayou_shore_a, uniq_snorg
Lair:4:   layout_hall_layers, minmay_snake_entry_guardpost_small,
          beast_lair_carwin_5, serial_bayou_shore_b, infiniplex_staircase_pool
Lair:5:   layout_loops_ring, minmay_slime_entry_oklob_open,
          nicolae_volcano_entry_s_turn, basic_altar,
          hangedman_lair_unloving_vines, grunt_megastairs_5
Lair:6:   wormcave, layout_misc_corridors, serial_forest,
          infiniplex_forest_lined_3, infiniplex_forest_diagonal,
          infiniplex_forest_lined_1, infiniplex_forest_lined_room_2,
          infiniplex_forest_join, infiniplex_forest_lined_3_way,
          infiniplex_forest_end_2, infiniplex_forest_lined_corner,
          nicolae_lair_grazing_beasts [nicolae_sub_lair_graze_edge,
          nicolae_sub_lair_graze_edge, nicolae_sub_lair_graze_edge,
          nicolae_sub_lair_graze_edge]

Skill      XL: |  1  2  3  4  5  6  7  8  9 10 11 12 13 |
---------------+----------------------------------------+-----
Axes           | 2 3 4 5 7 8 10 11 13 14 | 14.8
Armour         | 3 4 5 6 7 8 10 | 10.3
Shields        | 3 4 5 6 8 9 |  9.1
Dodging        | 1 2 |  2.3
Spellcasting   | 1 2 3 4 |  4.6
Evocations     | 1 2 3 4 |  4.7
Fighting       | 4 5 6 8 9 10 | 10.8
Stealth        | 1 |  1.6
Necromancy     | 1 3 |  3.4
Throwing       | |  0.5
Conjurations   | |  0.1

Action                   |  1- 3 |  4- 6 |  7- 9 | 10-12 | 13-15 || total
-------------------------+-------+-------+-------+-------+-------++-------
Melee: War axe           |   107 |    65 |   205 |   426 |   308 ||  1111
       Headbutt          |       |       |       |     2 |       ||     2
Throw: Throwing net      |       |       |     1 |       |       ||     1
       Dart              |       |       |       |     6 |       ||     6
 Cast: Foxfire           |       |       |     3 |       |       ||     3
Evoke: Wand              |       |       |       |     2 |    23 ||    25
       Lightning rod     |       |       |       |     3 |     5 ||     8
       Box of beasts     |       |       |       |     1 |     1 ||     2
       Piece from Xom's  |       |       |       |       |     4 ||     4
       Condenser vane    |       |       |       |       |     4 ||     4
  Use: Scroll            |     7 |     4 |     8 |     8 |    20 ||    47
       Potion            |     3 |     6 |     2 |    14 |    11 ||    36
 Stab: Held in net/web   |       |       |     2 |       |       ||     2
       Paralysed         |       |       |       |       |     3 ||     3
Armor: Scale mail        |    68 |    37 |    51 |       |       ||   156
       Skin              |       |    20 |       |    15 |     9 ||    44
       Gold dragon scale |       |       |    97 |   293 |   233 ||   623
Dodge: Dodged            |    54 |    27 |    65 |    86 |    57 ||   289
Block: Buckler           |    35 |    25 |   136 |   270 |    45 ||   511
       Reflection        |       |       |     8 |     4 |     2 ||    14
       Orb               |       |       |       |       |    39 ||    39

Table legend: (Time is in decaauts)
 A = Elapsed time spent in this place.
 B = Non-inter-level travel time spent in this place.
 C = Inter-level travel time spent in this place.
 D = Time resting spent in this place.
 E = Time spent auto-exploring this place.
 F = Levels seen in this place.
 G = Mean time per level.
                   A        B        C        D        E       F      G
               +--------+--------+--------+--------+--------+-----+--------+
         Total |  18234 |  17857 |    377 |   1810 |   9320 |  18 | 1013.0 |
       Dungeon |  10193 |   9953 |    240 |     97 |   5729 |  11 |  926.6 |
          Lair |   7976 |   7839 |    137 |   1708 |   3591 |   6 | 1329.3 |
       Volcano |     64 |     64 |      0 |      4 |      0 |   1 |   64.0 |
               +--------+--------+--------+--------+--------+-----+--------+

Top non-repeatable levels by time:
  Lair:5: 1690 daAuts
    D:10: 1466 daAuts
  Lair:6: 1464 daAuts
  Lair:4: 1443 daAuts
  Lair:2: 1359 daAuts
     D:9: 1319 daAuts
  Lair:1: 1277 daAuts
     D:1: 1253 daAuts
     D:8: 1205 daAuts
     D:6: 1127 daAuts
     D:2: 1007 daAuts
     D:3: 847 daAuts
  Lair:3: 741 daAuts
     D:5: 622 daAuts
     D:4: 617 daAuts
